 Dungeon Crawl Stone Soup version 0.19.0 (webtiles) character file.

20516 bombasticus the Protected (level 12, -9/258 HPs)
             Began as a Minotaur Berserker on Nov 11, 2016.
             Was the Champion of Trog.
             Mangled by a hill giant
             ... wielding a +0 giant club
              (16 damage)
             ... on level 13 of the Dungeon.
             The game lasted 00:42:02 (11819 turns).

bombasticus the Protected (Minotaur Berserker)     Turns: 11819, Time: 00:42:03

Health: -9/258     AC: 26    Str: 30    XL:     12   Next: 46%
Magic:  11/11      EV:  2    Int:  6    God:    Trog [******]
Gold:   617        SH:  0    Dex: 15    Spells: 0 memorised, 11 levels left

rFire  . . .     SeeInvis .     o - +2 spear (venom)
rCold  . . .     Gourm    .     (armour currently unavailable)
rNeg   + + +     Faith    .     (no shield)
rPois  +         Spirit   .     (helmet currently unavailable)
rElec  .         Reflect  .     (cloak currently unavailable)
rCorr  .         Harm     .     (gloves currently unavailable)
MR     .....     Rnd*Rage +     (boots currently unavailable)
Stlth  .......... NoTele   +    (no amulet)
                                j - +3 ring of dexterity
                                f - +2 ring of intelligence

@: berserking, tree-form, very quick
A: (retaliatory headbutt), (horns 0), rugged brown scales 1, berserk 1
a: Berserk, Trog's Hand, Brothers in Arms, Burn Spellbooks, Renounce Religion


You were on level 13 of the Dungeon.
You worshipped Trog.
Trog was exalted by your worship.
You were not hungry.
You were a tree.
You visited 1 branch of the dungeon, and saw 13 of its levels.

You collected 722 gold pieces.
You spent 105 gold pieces at shops.

Inventory:

Hand Weapons
 o - a +2 spear of venom (weapon)
 G - a +0 antimagic great mace
 H - a +2 whip of flaming
 U - a +2 dagger of venom
Armour
 t - a +0 cloak (melded)
 x - a +0 plate armour (melded)
 M - a +0 pair of boots (melded)
Jewellery
 f - a +2 ring of intelligence (left branch)
 j - a +3 ring of dexterity (right branch)
 m - an uncursed ring of protection from magic
 z - an uncursed ring of protection from fire
Wands
 h - a wand of acid (4/15)
 N - a wand of iceblast (6/15)
 Q - a wand of acid (7/15)
 R - a wand of paralysis (11/24)
 S - a wand of acid (4/15)
 V - a wand of flame (31/48)
 W - a wand of teleportation (6/9)
 Z - a wand of lightning (9/15)
Scrolls
 i - 3 scrolls of recharging
 n - 2 scrolls of enchant weapon {unknown}
 q - 3 scrolls of teleportation
 w - 2 scrolls of magic mapping
 y - a scroll of enchant armour {unknown}
 A - a scroll of fog {unknown}
 B - a scroll of summoning {unknown}
 I - 3 scrolls of remove curse
 L - a scroll of vulnerability {unknown}
 O - a scroll of immolation {unknown}
 X - a scroll of blinking {unknown}
Potions
 a - a potion of curing
 b - 2 potions of cure mutation
 e - a potion of beneficial mutation {unknown}
 l - a potion of cancellation {unknown}
 p - 2 potions of mutation {unknown}
 r - a potion of ambrosia {unknown}
 s - 3 potions of lignification
 C - 2 potions of berserk rage
 E - 4 potions of agility
 F - a potion of brilliance {unknown}
 J - 4 potions of haste
 P - a potion of invisibility {unknown}
 T - a potion of flight {unknown}
 Y - 2 potions of might {unknown}
Comestibles
 c - 7 bread rations
 d - 8 slices of pizza
 k - 6 meat rations
 u - 33 fruits
 v - a beef jerky
 D - 2 royal jellies


   Skills:
 + Level 12.0 Fighting
 + Level 5.2(5.9) Short Blades
   Level 4.6(6.0) Long Blades
 + Level 1.4 Maces & Flails
 + Level 13.6 Polearms
 + Level 14.1 Armour
 + Level 5.1 Dodging
 + Level 2.0 Stealth


You had 11 spell levels left.
You didn't know any spells.

Dungeon Overview and Level Annotations

Branches:
Dungeon (13/15)            Temple (0/1) D:6            Lair (0/6) D:9
    Orc (0/2) D:11
 Vaults: D:13-14

Altars:
Ashenzari
Cheibriados
Fedhas
Gozag
Makhleb
Uskayaw
Vehumet
Xom
Yredelemnul

Shops:
D:4 *=%   D:6 ?

Annotations:
D:9 exclusion: ice statue


Innate Abilities, Weirdness & Mutations

((You reflexively headbutt those who attack you in melee.))
((You have a pair of horns on your head.))
(You are partially covered in rugged brown scales. (AC +1, +3% HP))
You tend to lose your temper in combat.


Message History

The hill giant looks as sick as possible!
The hill giant is moderately wounded.
You puncture the hill giant!
The hill giant looks as sick as possible!
The hill giant is heavily wounded.
The hill giant hits you with a giant club!
* * * LOW HITPOINT WARNING * * *
You barely miss the hill giant.
The hill giant is heavily wounded.
You puncture the hill giant!
The hill giant looks as sick as possible!
The hill giant is severely wounded.
You puncture the hill giant!
The hill giant looks as sick as possible!
The hill giant is almost dead.
You hit the hill giant.
The hill giant looks as sick as possible!
The hill giant is almost dead.
The hill giant hits you with a giant club!
You die...

........##...........
........##...........
............<.......
........###+######
##......# #......#
####....# #.#)#...#
#♣##...# #C#.#...#
#C# ###### #.# #.#
#)# #.# ##


You could see 2 hill giants.

Vanquished Creatures
  2 hydras
  A centaur warrior (D:12)
  A queen ant (D:11)
  A fire crab (shapeshifter) (D:11)
  The ghost of Softman25 the Basher, a novice DsCK of Xom (D:8)
  2 unseen horrors
  3 hill giants (D:10)
  Pikel (D:6)
  A centaur skeleton (D:13)
  2 kobold demonologists (D:12)
  2 efreet (D:13)
  A tengu conjurer (D:13)
  Grinder (D:6)
  2 dream sheep (D:10)
  4 hippogriffs
  Sigmund (D:6)
  The ghost of Kaishin the Digger, an amateur GrEE (D:4)
  2 wyverns
  25 yaks
  A steam dragon (D:10)
  Grum (D:8)
  Menkaure (D:7)
  8 soldier ants (D:11)
  A slave (D:6)
  6 orc warriors
  3 sky beasts
  3 ice beasts
  A black bear (D:9)
  2 necrophages
  2 phantoms
  5 centaurs
  3 ogres
  2 wolves (D:8)
  7 big kobolds
  3 crocodiles
  A gnoll sergeant (D:10)
  4 bullfrogs
  2 scorpions
  A water moccasin skeleton (D:8)
  3 electric eels (D:11)
  3 wights (D:7)
  2 howler monkeys
  5 crimson imps
  3 bullfrog zombies
  A jelly (D:7)
  3 hounds
  3 bullfrog skeletons
  A centaur zombie (D:5)
  8 orc priests
  10 orc wizards
  An iguana (D:7)
  20 worker ants
  A hound skeleton (D:9)
  A worker ant zombie (D:8)
  8 gnolls
  8 adders
  3 shadow imps
  3 worms
  2 dart slugs
  8 leopard geckos
  42 orcs
  2 ball pythons (D:2)
  3 giant cockroaches
  7 goblins
  11 hobgoblins
  6 jackals
  4 quokkas
  7 bats
  3 frilled lizards
  A jackal zombie (D:7)
  21 kobolds
  2 leopard gecko zombies
  A quokka skeleton (D:4)
  5 rats
323 creatures vanquished.

Vanquished Creatures (others)
  A slave (D:6)
  A bullfrog (D:6)
  A crimson imp (D:6)
  A hound (D:13)
  An adder (D:6)
  A jackal zombie (D:6)
6 creatures vanquished.

Grand Total: 329 creatures vanquished

Notes
Turn   | Place    | Note
-------+----------+-------------------------------------------
     0 | D:1      | bombasticus the Minotaur Berserker began the quest for the Orb.
     0 | D:1      | Reached XP level 1. HP: 19/19 MP: 0/0
    84 | D:1      | Reached XP level 2. HP: 24/27 MP: 1/1
   448 | D:1      | Reached XP level 3. HP: 30/33 MP: 2/2
   564 | D:2      | Found a snail-covered altar of Cheibriados.
   940 | D:2      | Reached ** piety under Trog
  1011 | D:2      | Reached XP level 4. HP: 40/40 MP: 3/3
  1738 | D:3      | Found a basalt altar of Yredelemnul.
  1777 | D:3      | Reached skill level 1 in Polearms
  1845 | D:3      | Found a shattered altar of Ashenzari.
  1900 | D:3      | Found a burning altar of Makhleb.
  1903 | D:3      | Reached XP level 5. HP: 43/47 MP: 4/4
  2138 | D:4      | Noticed an ogre
  2145 | D:4      | Killed an ogre
  2145 | D:4      | Reached skill level 5 in Fighting
  2145 | D:4      | Reached skill level 1 in Stealth
  2145 | D:4      | Reached XP level 6. HP: 15/56 MP: 5/5
  2568 | D:4      | Found Wisecs's Jewellery Boutique.
  2590 | D:4      | Noticed Kaishin's ghost (amateur GrEE)
  2598 | D:4      | Killed Kaishin's ghost
  2598 | D:4      | Reached skill level 3 in Armour
  2601 | D:4      | Found Sim Wolueng's Food Boutique.
  2905 | D:4      | Reached XP level 7. HP: 61/61 MP: 6/6
  2971 | D:4      | Found Pocrae's General Store.
  3021 | D:4      | Bought a scroll of identify for 28 gold pieces
  3210 | D:5      | Entered Level 5 of the Dungeon
  3216 | D:5      | Reached skill level 4 in Armour
  3312 | D:5      | Found a hide-covered altar of Uskayaw.
  3325 | D:5      | Reached skill level 5 in Polearms
  3400 | D:5      | Found a shattered altar of Ashenzari.
  3533 | D:5      | Found a blossoming altar of Fedhas.
  3638 | D:5      | Reached *** piety under Trog
  3758 | D:5      | Found a shimmering altar of Xom.
  3984 | D:6      | Noticed Pikel
  4014 | D:6      | Killed Pikel
  4014 | D:6      | Reached skill level 5 in Armour
  4014 | D:6      | Reached XP level 8. HP: 64/70 MP: 7/7
  4035 | D:6      | Found Vieluu's Magic Scroll Shop.
  4043 | D:6      | Bought a scroll of identify for 22 gold pieces
  4043 | D:6      | Bought a scroll of identify for 22 gold pieces
  4043 | D:6      | Bought a scroll of remove curse for 33 gold pieces
  4315 | D:6      | Found a staircase to the Ecumenical Temple.
  4382 | D:6      | Reached skill level 6 in Armour
  4394 | D:6      | Noticed Sigmund
  4408 | D:6      | Killed Sigmund
  4408 | D:6      | Reached skill level 7 in Armour
  4601 | D:6      | Noticed Grinder
  4618 | D:6      | Killed Grinder
  4618 | D:6      | Reached XP level 9. HP: 56/78 MP: 8/8
  4848 | D:7      | Reached skill level 8 in Armour
  4857 | D:7      | Reached **** piety under Trog
  5498 | D:7      | Noticed Menkaure
  5506 | D:7      | Killed Menkaure
  5849 | D:8      | Reached skill level 9 in Armour
  5856 | D:8      | Gained mutation: You tend to lose your temper in combat. [mutagenic meat]
  5866 | D:8      | Noticed Grum
  5884 | D:8      | Killed Grum
  5884 | D:8      | Reached skill level 10 in Polearms
  5971 | D:8      | Found a radiant altar of Vehumet.
  6171 | D:8      | Noticed Softman25's ghost (novice DsCK)
  6187 | D:8      | Killed Softman25's ghost
  6305 | D:8      | Reached ***** piety under Trog
  6305 | D:8      | Reached XP level 10. HP: 8/88 MP: 9/9
  6634 | D:8      | Killed an unseen horror
  6634 | D:8      | Reached skill level 10 in Armour
  6846 | D:8      | Found a radiant altar of Vehumet.
  7016 | D:8      | Gained mutation: You are partially covered in rugged brown scales. (AC +1, +3% HP) [mutagenic meat]
  7288 | D:9      | Found a staircase to the Lair.
  7303 | D:9      | Noticed an ice statue
  7376 | D:9      | Found an opulent altar of Gozag.
  7471 | D:9      | Reached skill level 11 in Armour
  7753 | D:9      | Found Huzu's General Store.
  7991 | D:10     | Entered Level 10 of the Dungeon
  8171 | D:10     | Noticed a hill giant
  8184 | D:10     | Killed a hill giant
  8184 | D:10     | Reached XP level 11. HP: 85/99 MP: 10/10
  8502 | D:10     | Noticed a hill giant
  8502 | D:10     | Noticed a hill giant
  8507 | D:10     | Killed a hill giant
  8511 | D:10     | Killed a hill giant
  8511 | D:10     | Reached skill level 1 in Maces & Flails
  8511 | D:10     | Reached skill level 12 in Armour
  8651 | D:10     | Reached skill level 10 in Fighting
  8680 | D:10     | Noticed a two-headed hydra
  8687 | D:10     | Killed a two-headed hydra
  8791 | D:11     | Noticed a queen ant
  9365 | D:11     | Noticed a seven-headed hydra
  9375 | D:11     | Killed a seven-headed hydra
  9375 | D:11     | Reached skill level 5 in Dodging
  9432 | D:11     | Killed a queen ant
  9517 | D:11     | Noticed a fire crab
  9517 | D:11     | a black mamba changed into a fire crab
  9528 | D:11     | Killed a fire crab
  9724 | D:11     | Reached ****** piety under Trog
  9773 | D:11     | Reached skill level 13 in Armour
  9775 | D:11     | Received a gift from Trog
  9850 | D:11     | Found a staircase to the Orcish Mines.
 10909 | D:12     | Reached XP level 12. HP: 97/114 MP: 11/11
 10911 | D:12     | Reached skill level 1 in Short Blades
 11324 | D:12     | Noticed a centaur warrior
 11335 | D:12     | Killed a centaur warrior
 11774 | D:13     | Reached skill level 14 in Armour
 11788 | D:13     | Reached skill level 5 in Short Blades
 11815 | D:13     | HP: 6/258 [hill giant/giant club (17)]
 11819 | D:13     | Mangled by a hill giant

Skill      XL: |  1  2  3  4  5  6  7  8  9 10 11 12 |
---------------+-------------------------------------+-----
Fighting       | 4 5 6 7 9 11 12 | 12.0
Long Blades    | 4 |  4.6
Dodging        | 3 4 5 |  5.1
Polearms       | 2 3 4 7 8 10 12 13 | 13.6
Stealth        | 1 2 |  2.0
Armour         | 3 5 7 9 11 13 14 | 14.1
Maces & Flails | 1 |  1.4
Short Blades   | 5 |  5.2

Action                   |  1- 3 |  4- 6 |  7- 9 | 10-12 || total
-------------------------+-------+-------+-------+-------++-------
Melee: Falchion          |    28 |       |       |       ||    28
       Short sword       |    23 |       |       |       ||    23
       Headbutt          |     9 |    17 |    69 |   195 ||   290
       Spear             |    11 |    98 |   321 |   507 ||   937
       Whip              |       |       |       |    11 ||    11
       Dagger            |       |       |       |   183 ||   183
Invok: Berserk           |       |     1 |     2 |     5 ||     8
       Burn Spellbooks   |       |       |     2 |       ||     2
  Use: Scroll            |       |       |     6 |    11 ||    17
       Potion            |       |       |       |     3 ||     3
 Stab: Sleeping          |     1 |     1 |       |       ||     2
  Eat: Chunk             |       |     7 |    13 |    25 ||    45
Armor: Animal skin       |     9 |       |       |       ||     9
       Leather armour    |    10 |    16 |       |       ||    26
       Chain mail        |       |     8 |       |       ||     8
       Plate armour      |       |    22 |   153 |   348 ||   523
       Skin              |       |       |       |     1 ||     1
Dodge: Dodged            |    47 |    40 |   110 |   253 ||   450
       Rpst.: Falchion   |     3 |       |       |       ||     3
